 Dungeon Crawl Stone Soup version 0.21.1-72-gffa868e (webtiles) character file.

179 taaruk the Skirmisher (level 5, -19/47 HPs)
             Began as a Minotaur Berserker on Aug 6, 2018.
             Was a Believer of Trog.
             Demolished by an ogre
             ... wielding a +0 giant club
              (26 damage)
             ... on level 2 of the Dungeon.
             The game lasted 00:21:48 (3454 turns).

taaruk the Skirmisher (Minotaur Berserker)          Turns: 3454, Time: 00:21:49

Health: -19/47     AC:  5    Str: 23    XL:     5   Next: 33%
Magic:  4/4        EV: 12    Int:  4    God:    Trog [**....]
Gold:   164        SH:  0    Dex:  9    Spells: 4/4 levels left

rFire    . . .     SeeInvis .   f - +1 mace (protect)
rCold    + . .     Gourm    .   (no shield)
rNeg     . . .     Faith    .   j - +0 leather armour
rPois    .         Spirit   .   (helmet restricted)
rElec    .         Reflect  .   (no cloak)
rCorr    .         Harm     .   (no gloves)
MR       +++..                  p - +1 pair of boots of Insatiable Hunger {rC+ MR+ Slay+3}
Stlth    +.........             (no amulet)
HPRegen  1.15/turn              (no ring)
MPRegen  0.09/turn              (no ring)

@: regenerating
A: retaliatory headbutt, horns 2
a: Berserk, Trog's Hand, Burn Spellbooks, Renounce Religion


You were on level 2 of the Dungeon.
You worshipped Trog.
Trog was pleased with you.
You were very hungry.

You visited 1 branch of the dungeon, and saw 4 of its levels.

You collected 164 gold pieces.

Inventory:

Hand Weapons
 a - a +0 spear
 f - a +1 mace of protection (weapon)
 g - a +0 blowgun
 n - a +1 short sword of electrocution
Missiles
 l - 3 poisoned needles
 o - 3 tomahawks of returning (quivered)
Armour
 j - a +0 leather armour (worn)
 p - the +1 pair of boots of Insatiable Hunger (worn) {rC+ MR+ Slay+3}
   (You found it on level 4 of the Dungeon)

   It affects your accuracy and damage with ranged weapons and melee attacks
   (+3).
   It protects you from cold.
   It affects your resistance to hostile enchantments.
Jewellery
 d - an uncursed ring of see invisible {unknown}
Scrolls
 b - 2 scrolls of fear {unknown}
 e - a scroll of teleportation {unknown}
 h - 3 scrolls of remove curse
 i - 3 scrolls of identify
 m - a scroll of fog {unknown}
 r - a scroll of magic mapping {unknown}
 t - a scroll of noise {unknown}
Potions
 k - 2 potions of flight
 q - a potion of might {unknown}
 s - a potion of agility
Comestibles
 c - 6 rations


   Skills:
 + Level 4.9 Fighting
 + Level 3.2 Maces & Flails
 + Level 4.4 Polearms
 + Level 3.1 Armour
 + Level 2.9 Dodging
 + Level 0.7 Stealth


You had 4 spell levels left.
You didn't know any spells.

Dungeon Overview and Level Annotations

Branches:
Dungeon (4/15)
 Temple: D:4-7

Altars:
Fedhas

Shops:
D:4 =


Innate Abilities, Weirdness & Mutations

You reflexively headbutt those who attack you in melee.
You have a pair of horns on your head.


Message History

You climb downwards.
The ogre hits you with a giant club!!
Ouch! That really hurt!
* * * LOW HITPOINT WARNING * * *
There is a stone staircase leading up, spattered with blood here.
The ogre closely misses you.
You climb upwards.
There is a stone staircase leading down here.
(D) Dungeon
Where to? (Enter - D:4, ? - help)
An ogre is nearby!
You are feeling very hungry.
There is a stone staircase leading up here.
The ogre hits you but does no damage.
You climb upwards.
There is a stone staircase leading down here.
Your skin crawls.
You feel resistant to hostile enchantments.
You feel somewhat more hungry. The ogre hits you with a giant club!!
Ouch! That really hurt!
You die...

######### #...@O..#
#.....#.# ####
#.....#.# ### ...#
#.....#.###########.#
...#
#.#...#.#...........#
...#
#.#.#.#.#.#########.#
...# ##.#.###.#.#
#####.# ...#
#........#.# #.....#
...# #.....####.#
#.#####


You could see an ogre.

Vanquished Creatures
  A worker ant (D:2)
  6 adders
  A howler monkey skeleton (D:4)
  An ooze (D:1)
  A worm (D:4)
  2 dart slugs (D:1)
  2 leopard geckos (D:3)
  6 orcs
  A ball python (D:2)
  4 giant cockroaches
  8 hobgoblins
  6 kobolds
  5 quokkas
  9 bats
  5 frilled lizards
  7 goblins
  A quokka skeleton (D:4)
  5 rats
71 creatures vanquished.

Notes
Turn   | Place    | Note
-------+----------+-------------------------------------------
     0 | D:1      | taaruk the Minotaur Berserker began the quest for the Orb.
     0 | D:1      | Reached XP level 1. HP: 19/19 MP: 0/0
    48 | D:1      | Reached XP level 2. HP: 26/27 MP: 1/1
   816 | D:2      | Reached XP level 3. HP: 22/33 MP: 2/2
   888 | D:2      | Reached ** piety under Trog
   978 | D:2      | Reached skill level 1 in Maces & Flails
  1184 | D:2      | Reached XP level 4. HP: 34/41 MP: 3/3
  1773 | D:2      | Reached XP level 5. HP: 30/47 MP: 4/4
  2535 | D:4      | Got a pair of faintly humming boots
  2541 | D:4      | Identified the +1 pair of boots of Insatiable Hunger {rC+ MR+ Slay+3} (You found it on level 4 of the Dungeon)
  2842 | D:4      | Found Irops's Jewellery Emporium.
  2921 | D:4      | Found a blossoming altar of Fedhas.
  3117 | D:4      | Noticed an ogre
  3454 | D:2      | Demolished by an ogre

Skill      XL: |  1  2  3  4  5 |
---------------+----------------+-----
Fighting       | 4 |  4.9
Polearms       | 4 |  4.4
Maces & Flails | 1 2 3 |  3.2
Armour         | 3 |  3.1
Dodging        | |  2.9
Stealth        | |  0.7

Action                   |  1- 3 |  4- 6 || total
-------------------------+-------+-------++-------
Melee: Spear             |    20 |       ||    20
       Headbutt          |     9 |    10 ||    19
       Mace              |    61 |    72 ||   133
Invok: Trog's Hand       |       |     1 ||     1
  Use: Potion            |     2 |       ||     2
       Scroll            |       |     2 ||     2
 Stab: Sleeping          |       |     1 ||     1
  Eat: Chunk             |     1 |     6 ||     7
Armor: Animal skin       |     5 |       ||     5
       Leather armour    |    31 |    24 ||    55
Dodge: Dodged            |    62 |    51 ||   113
